3L
DETROIT RENAISSANCE @ AUSTIN RANGERS
09/12/2023
 
TOP OF THE 1ST
Detroit Renaissance batting - Pitching for Austin Rangers : RHP Art Adams
Pitching: RHP Art Adams
Batting: RHB Kyle Bywaters 0-0: Fly out, F8 (Flyball, 8RM)
Batting: RHB Bernardo Herrera 0-0: Foul Ball, location: 2F
0-1: Called Strike
0-2: Ball
1-2: Ball
2-2: Foul Ball, location: 2F
2-2: Foul Ball, location: 2F
2-2: SINGLE (Line Drive, 8LS)
Batting: RHB Lonnie Conrad 0-0: Ball
Bernardo Herrera steals 2nd base
1-0: Foul Ball, location: 2F
1-1: Ball
2-1: Ball
3-1: Foul Ball, location: 2F
3-2: Foul Ball, location: 2F
3-2: Strikes out swinging
Batting: LHB Juan González 0-0: Called Strike
0-1: Called Strike
0-2: Ball
1-2: Strikes out looking
Top of the 1st over - 0 run(s), 1 hit(s), 0 error(s), 1 left on base; Detroit 0 - Austin 0
BOTTOM OF THE 1ST
Austin Rangers batting - Pitching for Detroit Renaissance : RHP Domingo Ramírez
Pitching: RHP Domingo Ramírez
Batting: RHB Tony Hernández 0-0: Called Strike
0-1: Called Strike
0-2: Foul Ball, location: 2F
0-2: Ball
1-2: Foul Ball, location: 2F
1-2: Strikes out swinging
Batting: SHB Xavier Vásquez 0-0: Ground out 4-3 (Groundball, 4)
Batting: LHB Jesús Reyes 0-0: Called Strike
0-1: Ball
1-1: Ball
2-1: Foul Ball, location: 2F
2-2: Foul Ball, location: 2F
2-2: Ball
3-2: Base on Balls
Batting: LHB Yun Yen 0-0: Foul Ball, location: 2F
0-1: Ball
1-1: Ball
2-1: Called Strike
2-2: Foul Ball, location: 2F
2-2: Ball
3-2: Foul Ball, location: 2F
3-2: Base on Balls
Jesús Reyes to second
Batting: RHB Jeff Green 0-0: Fielders Choice at 2nd, U6 (Groundball, 6M)
Bottom of the 1st over - 0 run(s), 0 hit(s), 0 error(s), 2 left on base; Detroit 0 - Austin 0
TOP OF THE 2ND
Detroit Renaissance batting - Pitching for Austin Rangers : RHP Art Adams
Batting: LHB Mike Silver 0-0: Ball
1-0: Ball
2-0: Ball
3-0: Called Strike
3-1: Foul Ball, location: 2F
3-2: Foul Ball, location: 2F
3-2: Fly out, F8 (Flyball, 8LS)
Batting: LHB Gregory Johnson 0-0: Foul Ball, location: 2F
0-1: Ball
1-1: Called Strike
1-2: Ball
2-2: Foul Ball, location: 2F
2-2: Foul Ball, location: 2F
2-2: Ball
3-2: Foul Ball, location: 2F
3-2: Ground out 4-3 (Groundball, 34)
Batting: LHB Luis Rodríguez 0-0: Ball
1-0: Ball
2-0: Called Strike
2-1: Foul Ball, location: 2F
2-2: Ball
3-2: Foul Ball, location: 2F
3-2: Foul Ball, location: 2F
3-2: Base on Balls
Batting: LHB Greg Robinson 0-0: Called Strike
0-1: Ball
1-1: Called Strike
1-2: Ball
2-2: Strikes out looking
Top of the 2nd over - 0 run(s), 0 hit(s), 0 error(s), 1 left on base; Detroit 0 - Austin 0
BOTTOM OF THE 2ND
Austin Rangers batting - Pitching for Detroit Renaissance : RHP Domingo Ramírez
Batting: RHB Pablo Trujillo 0-0: Called Strike
0-1: Swinging Strike
0-2: Foul Ball, location: 2F
0-2: Strikes out swinging
Batting: LHB Motoshige Kitamura 0-0: Fly out, F9 (Flyball, 89D)
Batting: LHB Enrique Sánchez 0-0: Ball
1-0: Foul Ball, location: 2F
1-1: Foul Ball, location: 2F
1-2: Fly out, F5 (Popup, 25)
Bottom of the 2nd over - 0 run(s), 0 hit(s), 0 error(s), 0 left on base; Detroit 0 - Austin 0
TOP OF THE 3RD
Detroit Renaissance batting - Pitching for Austin Rangers : RHP Art Adams
Batting: RHB Eric D'Angle 0-0: SINGLE (Groundball, 4M)
Batting: RHB Kyle Bywaters 0-0: Foul Ball, location: 2F
0-1: Ball
1-1: Grounds into double play, 1-6-3 (Groundball, 13)
Batting: RHB Bernardo Herrera 0-0: Fly out, F9 (Flyball, 89M)
Top of the 3rd over - 0 run(s), 1 hit(s), 0 error(s), 0 left on base; Detroit 0 - Austin 0
BOTTOM OF THE 3RD
Austin Rangers batting - Pitching for Detroit Renaissance : RHP Domingo Ramírez
Batting: RHB Joaquín Parra 0-0: Fly out, F8 (Flyball, 8RM)
Batting: RHB Tony Hernández 0-0: Ball
1-0: Swinging Strike
1-1: Foul Ball, location: 2F
1-2: Ball
2-2: Ball
3-2: Base on Balls
Batting: SHB Xavier Vásquez 0-0: Ball
1-0: Called Strike
1-1: Swinging Strike
1-2: Ball
2-2: Grounds into double play, 4-6-3 (Groundball, 4)
Bottom of the 3rd over - 0 run(s), 0 hit(s), 0 error(s), 0 left on base; Detroit 0 - Austin 0
TOP OF THE 4TH
Detroit Renaissance batting - Pitching for Austin Rangers : RHP Art Adams
Batting: RHB Lonnie Conrad 0-0: Fly out, F8 (Popup, 6MD)
Batting: LHB Juan González 0-0: Foul Ball, location: 2F
0-1: Called Strike
0-2: Strikes out looking
Batting: LHB Mike Silver 0-0: Foul Ball, location: 2F
0-1: Ball
1-1: Ball
2-1: Foul Ball, location: 2F
2-2: Ball
3-2: Strikes out looking
Top of the 4th over - 0 run(s), 0 hit(s), 0 error(s), 0 left on base; Detroit 0 - Austin 0
BOTTOM OF THE 4TH
Austin Rangers batting - Pitching for Detroit Renaissance : RHP Domingo Ramírez
Batting: LHB Jesús Reyes 0-0: Called Strike
0-1: Ball
1-1: Swinging Strike
1-2: Ball
2-2: Foul Ball, location: 2F
2-2: Strikes out swinging
Batting: LHB Yun Yen 0-0: Ball
1-0: Ball
2-0: Ball
3-0: Called Strike
3-1: SINGLE (Groundball, 5D)
Batting: RHB Jeff Green 0-0: Ball
1-0: Ball
2-0: Ball
3-0: Base on Balls
Yun Yen to second
Batting: RHB Pablo Trujillo 0-0: Called Strike
0-1: Ball
1-1: SINGLE (Line Drive, 8LS)
Yun Yen to third
Jeff Green to second
Batting: LHB Motoshige Kitamura 0-0: Foul Ball, location: 2F
0-1: Ball
1-1: Ball
2-1: Fly out, F8 (Flyball, 8LD)
Runner from 3rd tags up, SCORES, no throw
Batting: LHB Enrique Sánchez 0-0: Called Strike
0-1: Ball
1-1: Ball
2-1: Ground out U3 (Groundball, 3L)
Bottom of the 4th over - 1 run(s), 2 hit(s), 0 error(s), 2 left on base; Detroit 0 - Austin 1
TOP OF THE 5TH
Detroit Renaissance batting - Pitching for Austin Rangers : RHP Art Adams
Batting: LHB Gregory Johnson 0-0: Ball
1-0: Fly out, F8 (Flyball, 8LS)
Batting: LHB Luis Rodríguez 0-0: Ball
1-0: Foul Ball, location: 2F
1-1: Ball
2-1: Called Strike
2-2: Fly out, F8 (Flyball, 8RM)
Batting: LHB Greg Robinson 0-0: Foul Ball, location: 2F
0-1: Fly out, F2 (Popup, 2LF)
Top of the 5th over - 0 run(s), 0 hit(s), 0 error(s), 0 left on base; Detroit 0 - Austin 1
BOTTOM OF THE 5TH
Austin Rangers batting - Pitching for Detroit Renaissance : RHP Domingo Ramírez
Batting: RHB Joaquín Parra 0-0: Ball
1-0: Called Strike
1-1: Foul Ball, location: 2F
1-2: Strikes out swinging
Batting: RHB Tony Hernández 0-0: Ball
1-0: Swinging Strike
1-1: Bunt for hit - play at first, batter OUT! 1-3
Batting: SHB Xavier Vásquez 0-0: Ball
1-0: Called Strike
1-1: Foul Ball, location: 2F
1-2: Fly out, F8 (Flyball, 8RM)
Bottom of the 5th over - 0 run(s), 0 hit(s), 0 error(s), 0 left on base; Detroit 0 - Austin 1
TOP OF THE 6TH
Detroit Renaissance batting - Pitching for Austin Rangers : RHP Art Adams
Batting: RHB Eric D'Angle 0-0: Ball
1-0: Fly out, F4 (Popup, 4D)
Batting: RHB Kyle Bywaters 0-0: Ball
1-0: Called Strike
1-1: Foul Ball, location: 2F
1-2: SINGLE (Groundball, 6MD)
Batting: RHB Bernardo Herrera 0-0: Ball
1-0: Ball
2-0: Fly out, F6 (Popup, 6MD)
Batting: RHB Lonnie Conrad 0-0: Ball
Kyle Bywaters is caught stealing 2nd base
Top of the 6th over - 0 run(s), 1 hit(s), 0 error(s), 0 left on base; Detroit 0 - Austin 1
BOTTOM OF THE 6TH
Austin Rangers batting - Pitching for Detroit Renaissance : RHP Domingo Ramírez
Batting: LHB Jesús Reyes 0-0: Called Strike
0-1: Ball
1-1: Foul Ball, location: 2F
1-2: SINGLE (Line Drive, 78S)
Batting: LHB Yun Yen 0-0: Swinging Strike
0-1: Foul Ball, location: 2F
0-2: Foul Ball, location: 2F
0-2: Strikes out looking
Batting: RHB Jeff Green 0-0: Ball
1-0: Foul Ball, location: 2F
1-1: Ball
2-1: Ball
3-1: Foul Ball, location: 2F
3-2: Base on Balls
Jesús Reyes to second
Batting: RHB Pablo Trujillo 0-0: Called Strike
0-1: Grounds into double play, 6-4-3 (Groundball, 6M)
Bottom of the 6th over - 0 run(s), 1 hit(s), 0 error(s), 1 left on base; Detroit 0 - Austin 1
TOP OF THE 7TH
Detroit Renaissance batting - Pitching for Austin Rangers : RHP Art Adams
Batting: RHB Lonnie Conrad 0-0: Swinging Strike
0-1: Ball
1-1: Foul Ball, location: 2F
1-2: Strikes out swinging
Batting: LHB Juan González 0-0: Called Strike
0-1: Ball
1-1: Called Strike
1-2: Strikes out looking
Batting: LHB Mike Silver 0-0: Ball
1-0: SOLO HOME RUN (Flyball, 8RXD), Distance : 431 ft
Batting: LHB Gregory Johnson 0-0: Called Strike
0-1: Ball
1-1: Ground out 4-3 (Groundball, 4M)
Top of the 7th over - 1 run(s), 1 hit(s), 0 error(s), 0 left on base; Detroit 1 - Austin 1
BOTTOM OF THE 7TH
Austin Rangers batting - Pitching for Detroit Renaissance : RHP Domingo Ramírez
Batting: LHB Motoshige Kitamura 0-0: Called Strike
0-1: Called Strike
0-2: Ground out 4-3 (Groundball, 4M)
Batting: LHB Enrique Sánchez 0-0: Ball
1-0: Ball
2-0: Ball
3-0: Base on Balls
Batting: RHB Joaquín Parra 0-0: Ball
1-0: Foul Ball, location: 2F
1-1: Ball
2-1: Foul Ball, location: 2F
2-2: Strikes out swinging
Batting: RHB Tony Hernández 0-0: Ball
1-0: Swinging Strike
1-1: Fly out, F4 (Popup, 4)
Bottom of the 7th over - 0 run(s), 0 hit(s), 0 error(s), 1 left on base; Detroit 1 - Austin 1
TOP OF THE 8TH
Detroit Renaissance batting - Pitching for Austin Rangers : RHP Art Adams
Batting: LHB Luis Rodríguez 0-0: Called Strike
0-1: Ball
1-1: Called Strike
1-2: Fly out, F9 (Line Drive, 89M)
Pinch Hitting: LHB Kelly Brown 0-0: Ball
1-0: Ball
2-0: Swinging Strike
2-1: Ball
3-1: Swinging Strike
Single, Error in OF, E9, batter to second base
Batting: RHB Eric D'Angle 0-0: Ball
1-0: Ground out 6-3 (Groundball, 6M)
Kelly Brown to third
Batting: RHB Kyle Bywaters 0-0: Swinging Strike
0-1: Ground out 5-3 (Groundball, 56)
Top of the 8th over - 0 run(s), 1 hit(s), 1 error(s), 1 left on base; Detroit 1 - Austin 1
BOTTOM OF THE 8TH
Austin Rangers batting - Pitching for Detroit Renaissance : RHP Domingo Ramírez
Now in RF: Luis Rivas
Batting: SHB Xavier Vásquez 0-0: Called Strike
0-1: Ground out 4-3 (Groundball, 4M)
Batting: LHB Jesús Reyes 0-0: Called Strike
0-1: Fly out, F9 (Flyball, 9D)
Batting: LHB Yun Yen 0-0: Ball
1-0: Ground out 4-3 (Groundball, 4)
Bottom of the 8th over - 0 run(s), 0 hit(s), 0 error(s), 0 left on base; Detroit 1 - Austin 1
TOP OF THE 9TH
Detroit Renaissance batting - Pitching for Austin Rangers : RHP Art Adams
Batting: RHB Bernardo Herrera 0-0: Ball
1-0: Ball
2-0: Foul Ball, location: 2F
2-1: Swinging Strike
2-2: Ground out 6-3 (Groundball, 6M)
Batting: RHB Lonnie Conrad 0-0: Called Strike
0-1: Ball
1-1: Foul Ball, location: 2F
1-2: SINGLE (Groundball, 6MD)
Pitching: RHP Júlio Rodríguez
Batting: LHB Juan González 0-0: Called Strike
Lonnie Conrad is caught stealing 2nd base
0-1: Ball
1-1: Foul Ball, location: 2F
1-2: Foul Ball, location: 2F
1-2: Ground out 4-3 (Groundball, 34)
Top of the 9th over - 0 run(s), 1 hit(s), 0 error(s), 0 left on base; Detroit 1 - Austin 1
BOTTOM OF THE 9TH
Austin Rangers batting - Pitching for Detroit Renaissance : RHP Domingo Ramírez
Batting: RHB Jeff Green 0-0: Called Strike
0-1: Ball
1-1: Foul Ball, location: 2F
1-2: Foul Ball, location: 2F
1-2: Foul Ball, location: 2F
1-2: Fly out, F8 (Flyball, 8LXD)
Pitching: RHP Jack Carr
Batting: RHB Pablo Trujillo 0-0: Called Strike
0-1: Ball
1-1: Swinging Strike
1-2: Ground out 2-3 (Groundball, 23)
Batting: LHB Motoshige Kitamura 0-0: Called Strike
0-1: Ball
1-1: Swinging Strike
1-2: Ball
2-2: Foul Ball, location: 2F
2-2: Ball
3-2: DOUBLE (Groundball, 3L)
Batting: LHB Enrique Sánchez 0-0: Ball
1-0: Ball
2-0: Ball
3-0: Called Strike
3-1: Base on Balls
Batting: RHB Joaquín Parra 0-0: Ground out 4-3 (Groundball, 4)
Bottom of the 9th over - 0 run(s), 1 hit(s), 0 error(s), 2 left on base; Detroit 1 - Austin 1
TOP OF THE 10TH
Detroit Renaissance batting - Pitching for Austin Rangers : RHP Júlio Rodríguez
Batting: LHB Mike Silver 0-0: Called Strike
0-1: Foul Ball, location: 2F
0-2: DOUBLE (Flyball, 89XD)
Batting: LHB Gregory Johnson 0-0: Ground out 1-3 (Groundball, 13S)
Mike Silver to third
Batting: LHB Luis Rodríguez 0-0: Ball
1-0: Bunted foul
1-1: Ball
2-1: Called Strike
2-2: Foul Ball, location: 2F
2-2: Strikes out swinging
Batting: RHB Luis Rivas 0-0: Ball
1-0: Ground out 6-3 (Groundball, 6)
Top of the 10th over - 0 run(s), 1 hit(s), 0 error(s), 1 left on base; Detroit 1 - Austin 1
BOTTOM OF THE 10TH
Austin Rangers batting - Pitching for Detroit Renaissance : RHP Jack Carr
Batting: RHB Tony Hernández 0-0: Ball
1-0: Ball
2-0: Called Strike
2-1: Ball
3-1: Foul Ball, location: 2F
3-2: Base on Balls
Batting: SHB Xavier Vásquez 0-0: Foul Ball, location: 2F
0-1: SINGLE (Line Drive, 4D)
Tony Hernández to second
Runner from 2nd tries for 3rd, SAFE, throw made to third
Batting: LHB Jesús Reyes 0-0: Ball
1-0: Ball
2-0: Ball
3-0: Fly out, F6 (Popup, 6D)
Batting: LHB Yun Yen 0-0: Ball
1-0: Ball
2-0: Called Strike
2-1: Swinging Strike
2-2: Foul Ball, location: 2F
2-2: Ball
3-2: Foul Ball, location: 2F
3-2: Strikes out looking
Xavier Vásquez steals 2nd base
Batter strikes out.
Batting: RHB Jeff Green 0-0: Fly out, F7 (Flyball, 7D)
Bottom of the 10th over - 0 run(s), 1 hit(s), 0 error(s), 2 left on base; Detroit 1 - Austin 1
TOP OF THE 11TH
Detroit Renaissance batting - Pitching for Austin Rangers : RHP Júlio Rodríguez
Batting: RHB Eric D'Angle 0-0: Called Strike
0-1: Called Strike
0-2: Ball
1-2: Ball
2-2: Ground out 4-3 (Groundball, 4M)
Pitching: LHP Josh Cox
Batting: RHB Kyle Bywaters 0-0: DOUBLE (Line Drive, 5D)
Batting: RHB Bernardo Herrera 0-0: Called Strike
0-1: Ball
1-1: DOUBLE (Line Drive, 7LS)
Kyle Bywaters scores
Batting: RHB Lonnie Conrad 0-0: Called Strike
0-1: Ball
1-1: Ball
2-1: Called Strike
2-2: Fly out, F4 (Popup, 3DF)
Batting: LHB Juan González 0-0: Ball
1-0: Called Strike
1-1: Ball
Bernardo Herrera steals 3rd base
2-1: Ball
3-1: Called Strike
3-2: SINGLE (Line Drive, 78S)
Bernardo Herrera scores
Batting: LHB Mike Silver 0-0: Ball
1-0: Foul Ball, location: 2F
1-1: Foul Ball, location: 2F
1-2: Fly out, F3 (Popup, 23)
Top of the 11th over - 2 run(s), 3 hit(s), 0 error(s), 1 left on base; Detroit 3 - Austin 1
BOTTOM OF THE 11TH
Austin Rangers batting - Pitching for Detroit Renaissance : RHP Jack Carr
Batting: RHB Pablo Trujillo 0-0: Ball
1-0: Called Strike
1-1: Swinging Strike
1-2: DOUBLE (Flyball, 78XD)
Batting: LHB Motoshige Kitamura 0-0: SINGLE (Groundball, 6MD)
Pablo Trujillo to third
Runner from 3rd tries for Home, SAFE, throw made home
Motoshige Kitamura to second
Batting: LHB Enrique Sánchez 0-0: Ball
1-0: Called Strike
1-1: Called Strike
1-2: SINGLE (Line Drive, 34)
Motoshige Kitamura to third
Runner from 3rd tries for Home, SAFE, no throw or cutoff
Batting: RHB Joaquín Parra 0-0: Sac Bunt - play at first, batter OUT! 2-4
Enrique Sánchez to second
Pitching: LHP Hwen-thiang Qin
Batting: RHB Tony Hernández 0-0: Intentional Walk
Pinch Runner at 2nd Joseph Pate:
Pinch Hitting: SHB Juan Sánchez 0-0: Called Strike
Joseph Pate steals 3rd base
Tony Hernández to second
0-1: Intentional Walk
Batting: LHB Jesús Reyes 0-0: Ball
1-0: Ball
2-0: Called Strike
2-1: Swinging Strike
2-2: Grounds into fielders choice 1-2 (Groundball, 34S)
Tony Hernández to third
Juan Sánchez to second
Batting: LHB Yun Yen 0-0: Foul Ball, location: 2F
0-1: Ball
1-1: Called Strike
1-2: Strikes out swinging
Bottom of the 11th over - 2 run(s), 3 hit(s), 0 error(s), 3 left on base; Detroit 3 - Austin 3
TOP OF THE 12TH
Detroit Renaissance batting - Pitching for Austin Rangers : LHP Josh Cox
Now at 3B: Joseph Pate
Now in LF: Yuji Ine
Pinch Hitting: RHB Nathan Horton 0-0: Fly out, F4 (Popup, 4MS)
Batting: LHB Luis Rodríguez 0-0: Ball
1-0: Ball
2-0: Ball
3-0: Base on Balls
Batting: RHB Luis Rivas 0-0: Ball
1-0: Called Strike
1-1: Called Strike
1-2: Ball
2-2: Ground out 4-3 (Groundball, 6M)
Luis Rodríguez to second
Batting: RHB Eric D'Angle 0-0: Ground out 5-3 (Groundball, 5S)
Top of the 12th over - 0 run(s), 0 hit(s), 0 error(s), 1 left on base; Detroit 3 - Austin 3
BOTTOM OF THE 12TH
Austin Rangers batting - Pitching for Detroit Renaissance : LHP Hwen-thiang Qin
Now at SS: Nathan Horton
Batting: RHB Jeff Green 0-0: Foul Ball, location: 2F
0-1: Called Strike
0-2: Ball
1-2: Ball
2-2: Reached on error, E5 (Groundball, 5L)
Batting: RHB Pablo Trujillo 0-0: Ball
1-0: Sac Bunt - play at first, batter OUT! 1-4
Jeff Green to second
Batting: LHB Motoshige Kitamura 0-0: Ball
1-0: Ball
2-0: Ball
3-0: Called Strike
3-1: Base on Balls
Batting: RHB Joseph Pate 0-0: Foul Ball, location: 2F
0-1: Called Strike
0-2: Ball
1-2: Fielders Choice at 2nd, 6-4 (Groundball, 6M)
Jeff Green to third
Batting: RHB Joaquín Parra 0-0: Called Strike
0-1: Fly out, F9 (Flyball, 89S)
Bottom of the 12th over - 0 run(s), 0 hit(s), 1 error(s), 2 left on base; Detroit 3 - Austin 3
TOP OF THE 13TH
Detroit Renaissance batting - Pitching for Austin Rangers : LHP Josh Cox
Batting: RHB Kyle Bywaters 0-0: Called Strike
0-1: Called Strike
0-2: Ball
1-2: Ball
2-2: Foul Ball, location: 2F
2-2: Strikes out swinging
Batting: RHB Bernardo Herrera 0-0: SINGLE (Line Drive, 6M)
Batting: RHB Lonnie Conrad 0-0: Ball
1-0: Hit by Pitch
Bernardo Herrera to second
Batting: LHB Juan González 0-0: Called Strike
0-1: Swinging Strike
0-2: Strikes out looking
Batting: LHB Mike Silver 0-0: Called Strike
0-1: Fly out, F8 (Flyball, 8RXD)
Top of the 13th over - 0 run(s), 1 hit(s), 0 error(s), 2 left on base; Detroit 3 - Austin 3
BOTTOM OF THE 13TH
Austin Rangers batting - Pitching for Detroit Renaissance : LHP Hwen-thiang Qin
Batting: RHB Tony Hernández 0-0: Ball
1-0: Ball
2-0: Ball
3-0: Called Strike
3-1: Base on Balls
Batting: RHB Yuji Ine 0-0: Called Strike
0-1: SINGLE (Groundball, 4MD)
Tony Hernández to second
Batting: LHB Jesús Reyes 0-0: Ball
1-0: Called Strike
1-1: Ball
2-1: Ball
3-1: Base on Balls
Tony Hernández to third
Yuji Ine to second
Batting: LHB Yun Yen 0-0: Swinging Strike
0-1: Ball
1-1: SINGLE (Groundball, 4MD)
Tony Hernández scores
This league is powered by Out of the Park Baseball, the baseball management simulation game for PC, Mac and Linux
Friday, July 8th, 2016 - OOTP Baseball 16.9 Build 39